Map: Paladino Terminal LE

Players

Serral

  • Race: Zerg Zerg
  • Spawn Location: 5:00

Zest - Winner!

  • Race: Protoss Protoss
  • Spawn Location: 9:00

Event: IEM XI Katowice - World Championship 2017

VOD

https://youtu.be/He3sWcO7Wu4

Description

Time

  • Played on: March 2, 2017, 11:11 p.m.
  • Length: 8:46

All games in this series

Show
View Real Time Build Order
Export as new Build Order

Serral Zerg 

Build Orders: Pool First, Roach Nydus 

Get SALT Encoding   

  12  0:00  Drone  
  13  0:13  Overlord  
  13  0:18  Drone  
  14  0:32  Drone x2  
  14  0:35  Drone  
  17  0:46  Extractor, Drone  
  17  0:51  Spawning Pool  
  17  0:56  Drone  
  17  1:07  Drone  
  18  1:22  Hatchery  
  17  1:25  Drone  
  17  1:30  Drone  
  19  1:40  Queen  
  19  1:45  Zergling x2  
  22  1:51  Metabolic Boost  
  22  1:58  Overlord  
  22  2:16  Queen  
  22  2:17  Drone x2  
  22  2:22  Drone  
  27  2:34  Drone x2  
  29  2:45  Hatchery  
  29  2:48  Drone  
  29  2:51  Drone  
  30  2:55  Zergling x2  
  30  2:57  Overlord  
  31  3:01  Drone  
  32  3:05  Spore Crawler  
  32  3:07  Drone x2  
  32  3:09  Drone  
  35  3:15  Overlord  
  35  3:17  Drone  
  37  3:20  Drone  
  37  3:24  Drone  
  37  3:26  Drone x2  
  40  3:32  Roach Warren  
  40  3:33  Drone  
  40  3:35  Drone  
  40  3:38  Drone  
  42  3:45  Drone  
  43  3:49  Overlord  
  43  3:51  Queen  
  43  3:54  Drone x3  
  48  4:11  Roach x5  
  48  4:12  Roach x2  
  48  4:16  Overlord  
  62  4:19  Zergling x2  
  62  4:22  Zergling x2  
  62  4:23  Extractor  
  63  4:24  Overlord  
  63  4:28  Extractor  
  63  4:30  Lair  
  62  4:34  Zergling x6  
  65  4:38  Queen  
  65  4:43  Overlord  
  65  4:45  Overlord  
  67  4:48  Drone  
  67  4:51  Drone x2  
  67  4:52  Drone  
  71  4:53  Drone  
  71  4:59  Roach  
  76  5:00  Roach  
  76  5:08  Queen  
  76  5:11  Overlord x2  
  77  5:18  Queen  
  79  5:25  Roach x2  
  83  5:28  Spore Crawler  
  83  5:32  Overseer  
  83  5:33  Nydus Network, Overlord  
  81  5:37  Queen  
  82  5:43  Roach  
  82  5:44  Roach  
  82  5:47  Queen  
  86  5:55  Roach x2  
  87  5:58  Queen  
  89  6:17  Roach x4  
  97  6:21  Overlord x3  
  97  6:22  Glial Reconstitution  
  97  6:26  Spore Crawler  
  97  6:31  Nydus Canal  
  94  6:35  Roach x2  
  94  6:39  Queen  
  100  6:41  Roach  
  102  6:49  Roach x3  
  108  6:57  Roach x2  
  108  6:58  Nydus Canal  
  108  6:59  Roach  
  110  7:02  Overlord  
  110  7:06  Overlord  
  110  7:11  Roach x2  
  114  7:15  Roach  
  114  7:16  Roach  
  114  7:22  Ravager  
  113  7:25  Roach  
  113  7:26  Roach  
  113  7:27  Roach  
  113  7:29  Roach  
  121  7:36  Roach x2  
  119  7:37  Roach  
  119  7:41  Roach  
  119  7:43  Roach  
  117  7:46  Roach  
  117  7:50  Drone x2  
  111  7:53  Roach  
  111  7:56  Zergling x6  
  116  8:01  Queen  
  118  8:06  Queen  
  118  8:12  Spore Crawler  
  117  8:14  Zergling x4  
  117  8:17  Zergling x4  
  119  8:23  Drone x2  
  119  8:24  Drone x2  
  121  8:28  Ravager  
Show
View Real Time Build Order
Export as new Build Order

Zest Protoss - Winner!

Build Orders: 1 Gate Expand 

Get SALT Encoding   

  12  0:00  Probe (Chrono Boost)  
  13  0:11  Probe (Chrono Boost)  
  14  0:18  Pylon  
  14  0:22  Probe (Chrono Boost)  
  15  0:36  Probe (Chrono Boost)  
  15  0:38  Gateway  
  16  0:47  Probe (Chrono Boost)  
  16  0:48  Assimilator  
  17  0:57  Probe (Chrono Boost)  
  18  1:08  Probe (Chrono Boost)  
  19  1:23  Nexus  
  19  1:26  Probe (Chrono Boost)  
  20  1:36  Cybernetics Core  
  21  1:40  Probe (Chrono Boost)  
  21  1:44  Assimilator  
  21  1:50  Probe (Chrono Boost)  
  22  1:55  Pylon  
  22  2:01  Probe (Chrono Boost)  
  23  2:06  Warp Gate  
  23  2:09  Adept  
  23  2:14  Probe (Chrono Boost)  
  26  2:26  Probe (Chrono Boost)  
  26  2:27  Twilight Council  
  27  2:33  Adept  
  29  2:38  Probe (Chrono Boost)  
  29  2:39  Probe (Chrono Boost)  
  31  2:49  Probe (Chrono Boost)  
  31  2:51  Probe (Chrono Boost)  
  33  2:55  Resonating Glaives  
  33  2:57  Adept  
  33  2:59  Probe (Chrono Boost)  
  33  3:03  Probe (Chrono Boost)  
  38  3:14  Gateway  
  38  3:16  Gateway  
  37  3:23  Probe (Chrono Boost)  
  37  3:24  Probe (Chrono Boost)  
  37  3:25  Adept  
  41  3:30  Pylon  
  41  3:36  Probe (Chrono Boost)  
  41  3:37  Probe (Chrono Boost)  
  45  3:49  Probe x2 (Chrono Boost)  
  45  3:51  Stargate  
  45  3:53  Stargate  
  45  4:00  Pylon, Probe (Chrono Boost)  
  45  4:01  Probe (Chrono Boost)  
  47  4:07  Assimilator  
  47  4:11  Assimilator  
  47  4:12  Adept  
  47  4:13  Adept  
  47  4:14  Adept  
  53  4:20  Probe (Chrono Boost)  
  53  4:21  Probe (Chrono Boost)  
  55  4:28  Pylon  
  55  4:30  Probe (Chrono Boost)  
  56  4:33  Probe (Chrono Boost)  
  56  4:36  Phoenix x2  
  61  4:49  Probe (Chrono Boost)  
  62  4:59  Phoenix, Mothership Core (Chrono Boost)  
  64  5:03  Phoenix  
  64  5:06  Pylon  
  68  5:10  Pylon  
  68  5:17  Nexus  
  66  5:30  Phoenix  
  66  5:31  Phoenix  
  70  5:39  Probe (Chrono Boost)  
  70  5:40  Adept x3  
  77  5:52  Probe (Chrono Boost)  
  77  5:56  Phoenix x2  
  82  6:07  Robotics Facility  
  82  6:08  Robotics Facility  
  82  6:12  Forge  
  82  6:17  Probe x2 (Chrono Boost)  
  84  6:19  Pylon  
  84  6:41  Pylon  
  84  6:43  Pylon  
  84  6:48  Photon Cannon  
  84  6:51  Stalker x3  
  84  6:52  Photon Cannon  
  84  6:53  Photon Cannon, Immortal  
  90  7:00  Immortal  
  98  7:13  Photon Cannon  
  96  7:17  Sentry x3  
  100  7:28  Immortal  
  104  7:41  Immortal  
  102  7:48  Pylon  
  102  7:49  Sentry  
  102  7:50  Pylon  
  106  7:56  Pylon  
  106  7:58  Pylon  
  106  8:00  Pylon  
  106  8:05  Pylon  
  106  8:09  Gateway  
  106  8:12  Gateway  
  112  8:42  Sentry x3  

Tags
 
Add a new tag
Caveats
  • Supply blocks, unpowered buildings, or Contaminate may cause inaccurate times.
  • Supply counts are checked every 10 seconds.